 Dungeon Crawl Stone Soup version 0.26.1-11-gd32895ea62 (webtiles) character file.

Game seed: 9206525658614218751

16 Kodoshi the Insei (level 2, 0/23 HPs)
             Began as a Demigod Transmuter on May 30, 2021.
             Slain by a hobgoblin (4 damage)
             ... on level 1 of the Dungeon.
             The game lasted 00:09:53 (330 turns).

Kodoshi the Insei (Demigod Transmuter)               Turns: 330, Time: 00:09:53

Health: 0/23       AC:  6    Str: 13    XL:     2   Next: 27%
Magic:  7/7        EV:  9    Int: 17    God:
Gold:   27         SH:  0    Dex: 16    Spells: 4/5 levels left

rFire    . . .     SeeInvis .   g - -1 hand axe (curse)
rCold    . . .     Faith    .   (no shield)
rNeg     . . .     Spirit   .   b - +0 scale mail
rPois    .         Reflect  .   (no helmet)
rElec    .         Harm     .   (no cloak)
rCorr    .         Rampage  .   (no gloves)
Will     .....                  (no boots)
Stlth    ..........             (no amulet)
HPRegen  0.07/turn              (no ring)
MPRegen  0.10/turn              (no ring)

@: no status effects
A: high mp 1
a: no special abilities


You were on level 1 of the Dungeon.
You visited 1 branch of the dungeon, and saw 1 of its levels.

You collected 27 gold pieces.

Inventory:

Hand Weapons
 f - a +0 dagger
 g - a cursed -1 hand axe (weapon)
 h - a +0 club
Missiles
 d - 27 stones
Armour
 a - a +0 robe
 b - a +0 scale mail (worn)
 e - a +0 robe
Scrolls
 c - a scroll of remove curse {unknown}
 i - a scroll of teleportation {unknown}


   Skills:
 + Level 1.0 Fighting
 + Level 1.8 Dodging
 + Level 3.1 Unarmed Combat
 + Level 2.0 Spellcasting
 + Level 1.9 Transmutations


You had 4 spell levels left.
You knew the following spells:

 Your Spells              Type           Power        Failure   Level
a - Beastly Appendage     Tmut           16%          41%         1

Your spell library contained the following spells:

 Spells                   Type           Power        Failure   Level
 Wereblood                Tmut           8%           54%         2
 Spider Form              Tmut/Pois      2%           89%         3
 Ice Form                 Ice/Tmut       4%           100%        4
 Blade Hands              Tmut           4%           100%        5


Dungeon Overview and Level Annotations

Branches:
Dungeon (1/15)


Innate Abilities, Weirdness & Mutations

You have an increased reservoir of magic. (+10% MP)


Message History

The hobgoblin is severely wounded.
You closely miss the goblin. The goblin hits you but does no damage.
The hobgoblin closely misses you.
You closely miss the hobgoblin.
The hobgoblin is severely wounded.
You closely miss the goblin. The goblin hits you.
* * * LOW HITPOINT WARNING * * *
The hobgoblin hits you but does no damage.
You closely miss the hobgoblin.
The hobgoblin is severely wounded.
You hit the goblin.
You kill the goblin!
The hobgoblin hits you but does no damage.
The hobgoblin closely misses you.
Your Fighting skill increases to level 1!
You closely miss the hobgoblin.
The hobgoblin is severely wounded.
You hit the hobgoblin. The hobgoblin closely misses you.
The hobgoblin hits you.
You die...

##.## #.##.. #..##
#..g######### .##. #..##
#...........##.##. #..##
#...####.......##..######..##
##### #..#.#..............##
#......### #######....
##.#.#.# ####. #.$gg.# #.
####@## #. #.)....# #.
######!# #. .... ####


You could see 2 hobgoblins.

Vanquished Creatures
  A bat (D:1)
  2 giant cockroaches (D:1)
  2 goblins (D:1)
  5 hobgoblins (D:1)
  A ball python (D:1)
  A frilled lizard (D:1)
  2 rats (D:1)
14 creatures vanquished.

Notes
Turn   | Place    | Note
-------+----------+-------------------------------------------
     0 | D:1      | Kodoshi the Demigod Transmuter began the quest for the Orb.
     0 | D:1      | Reached XP level 1. HP: 15/15 MP: 5/5
    90 | D:1      | Reached skill level 3 in Unarmed Combat
   204 | D:1      | Reached XP level 2. HP: 17/22 MP: 7/7
   330 | D:1      | Reached skill level 1 in Fighting
   330 | D:1      | Slain by a hobgoblin

Illustrated notes

Levels and vault maps discovered:
D:1:      psy_arrival_basics, layout_loops_ring, serial_glass, glass_columns_a,
          glass_columns_a, glass_columns_c, glass_columns_b, glass_columns_a,
          glass_columns_c, glass_columns_a, glass_columns_b, glass_columns_a,
          glass_columns_b

Skill      XL: |  1  2 |
---------------+-------+-----
Unarmed Combat | 3 |  3.1
Spellcasting   | 2 |  2.0
Fighting       | 1 |  1.0
Dodging        | |  1.8
Transmutations | |  1.9

Action                   || total
-------------------------++-------
Melee: Unarmed           ||    17
       Dagger            ||    14
       Hand axe          ||    21
       Headbutt          ||     3
       Punch             ||     3
       Kick              ||     2
 Cast: Beastly Appendage ||     5
Armor: Robe              ||     8
       Scale mail        ||    14
Dodge: Dodged            ||    41
